 Dungeon Crawl Stone Soup version 0.32-a0-938-g40ac7a0f4d (webtiles) character file.

Game seed: 16770261662473584796

84 pokeman the Magician (level 4, -1/25 HPs)
             Began as a Deep Elf Hedge Wizard on Apr 15, 2024.
             Slain by a gnoll
             ... wielding a +0 whip
              (10 damage)
             ... on level 2 of the Dungeon.
             The game lasted 00:03:24 (1994 turns).

pokeman the Magician (Deep Elf Hedge Wizard)        Turns: 1994, Time: 00:03:24

Health: -1/25      AC:  2    Str:  7    XL:     4   Next: 24%
Magic:  1/13       EV: 11    Int: 21    God:
Gold:   70         SH:  0    Dex: 14    Spells: 6/14 levels left

rFire   . . .        a - +0 dagger
rCold   + . .        (no shield)
rNeg    . . .        b - +0 robe
rPois   .            c - +0 hat
rElec   .            (no cloak)
rCorr   .            (no gloves)
SInv    .            (no boots)
Will    .....        (no amulet)
Stlth   ++           e - ring of protection from cold
HPRegen 0.24/turn    (no ring)
MPRegen 0.13/turn

%: no passive effects
@: very slightly contaminated
A: no striking features
a: no special abilities


You were on level 2 of the Dungeon.
You visited 1 branch of the dungeon, and saw 4 of its levels.

You collected 70 gold pieces.

Inventory:

Hand Weapons
 a - a +0 dagger (weapon)
Armour
 b - a +0 robe (worn)
 c - a +0 hat (worn)
Jewellery
 e - a ring of protection from cold (left hand)
Scrolls
 g - 3 scrolls of identify {unknown}
 j - 3 scrolls of poison {unknown}
 l - a scroll of enchant armour {unknown}
Potions
 d - 2 potions of magic
 f - a potion of heal wounds
 h - a potion of resistance {unknown}
 i - a potion of lignification {unknown}
 k - a potion of curing {unknown}


   Skills:
 - Level 1.0 Fighting
 - Level 1.0 Armour
 + Level 2.6 Dodging
 + Level 2.6 Stealth
 * Level 5.6 Spellcasting
 + Level 2.1 Conjurations
 - Level 1.1 Summonings
 - Level 1.1 Translocations


You had 6 spell levels left.
You knew the following spells:

 Your Spells              Type           Power      Damage    Failure   Level
a - Magic Dart            Conj           56%        1d5       4%          1
b - Mephitic Cloud        Conj/Alch/Air  8%         N/A       22%         3
c - Call Imp              Summ           20%        N/A       10%         2
d - Blink                 Tloc           20%        N/A       10%         2

Your spell library contained the following spells:

 Spells                   Type           Power      Damage    Failure   Level
 Slow                     Hex            20%        N/A       11%         1
 Cigotuvi's Dreadful Rot  Necr/Alch/Air  10%        N/A       16%         2


Dungeon Overview and Level Annotations

Branches:
Dungeon (4/15)
 Temple: D:4-7

Altars:
Wu Jian

Shops:
D:1 (


Message History

The ball explodes into a vile cloud!
The stinking cloud engulfs your cerulean imp.
Your cerulean imp is moderately wounded.
The stinking cloud engulfs the ribbon worm.
The stinking cloud engulfs the gnoll.
The gnoll is severely wounded.
The gnoll barely misses your cerulean imp.
Your cerulean imp hits the gnoll but does no damage.
The ribbon worm is engulfed in noxious fumes.
The ribbon worm appears confused.
The ribbon worm barely misses your cerulean imp.
Unknown command.
Unknown command.
Your cerulean imp hits the gnoll but does no damage.
Unknown command.
Casting: Mephitic Cloud (extremely dangerous; 22% risk of failure)
Confirm with . or Enter, or press ? or * to list all spells.
Aiming: Magic Dart (safe; 4% risk of failure)
Press: ? - help, Shift-Dir - straight line, f - gnoll, p - cerulean imp
Aim: a gnoll, wielding a +0 whip (noxious fumes, severely wounded, confused, ally target, 100% to hit)
You miscast Magic Dart.
You are very lightly contaminated with residual magic.
Nothing appears to happen.
The ribbon worm is engulfed in noxious fumes.
The ribbon worm appears confused.
The gnoll is engulfed in noxious fumes.
The gnoll appears confused.
Your cerulean imp hits the gnoll with a -4 spear.
The gnoll dies!
Casting: Magic Dart (safe; 4% risk of failure)
Confirm with . or Enter, or press ? or * to list all spells.
Aiming: Magic Dart (safe; 4% risk of failure)
Press: ? - help, Shift-Dir - straight line, f - gnoll
Aim: a gnoll, wielding a +0 whip (confused, 100% to hit)
Okay, then.
Unknown command.
Unknown command.
A quokka comes into view.
Your cerulean imp hits the ribbon worm from afar with a -4 spear.
The gnoll hits you with a +0 whip!
You die...

.# .# .# ## .
.. ####.
###w#.#.#
...)5..(###.#
#§○☼.>....#
##...@#####
##.#g# ###r#
#.. ###


You could see a ribbon worm (confused, ally target), a gnoll (confused), a
quokka and a friendly cerulean imp (summoned).

Vanquished Creatures
  A gnoll (D:2)
  2 adders (D:3)
  An orc (D:3)
  6 endoplasms
  2 giant cockroaches
  5 goblins
  6 hobgoblins
  4 kobolds (D:1)
  4 ball pythons
  4 bats
  4 frilled lizards (D:1)
  3 rats
42 creatures vanquished.

Vanquished Creatures (collateral kills)
  A gnoll (D:2)
  A ribbon worm (D:3)
2 creatures vanquished.

Grand Total: 44 creatures vanquished

Notes
Turn   | Place    | Note
-------+----------+-------------------------------------------
     0 | D:1      | pokeman the Deep Elf Hedge Wizard began the quest for the
                  | Orb.
     0 | D:1      | Reached XP level 1. HP: 10/10 MP: 7/7
   247 | D:1      | Reached XP level 2. HP: 15/15 MP: 0/9
   833 | D:1      | Reached skill level 5 in Spellcasting
  1071 | D:1      | Found Kuolipet's Antique Weapon Boutique.
  1152 | D:2      | Reached XP level 3. HP: 20/20 MP: 6/11
  1156 | D:2      | Learned a level 3 spell: Mephitic Cloud
  1159 | D:2      | Learned a level 2 spell: Call Imp
  1162 | D:2      | Learned a level 2 spell: Blink
  1515 | D:2      | You fall into a shaft and drop 2 floors!
  1555 | D:3      | Reached skill level 1 in Armour
  1655 | D:3      | Found an ornate altar of the Wu Jian Council.
  1766 | D:3      | Reached skill level 1 in Fighting
  1990 | D:2      | Reached XP level 4. HP: 8/25 MP: 5/13
  1994 | D:2      | Slain by a gnoll

Illustrated notes

Levels and vault maps discovered:
D:1:      lightli_arrival_statuegarden, layout_basic, serial_shops,
          nicolae_shop_behind_doors
D:2:      layout_loops_ring, serial_shops, shop, serial_bayou_ford_a
D:3:      layout_loops_cross, old_standard_altar, serial_co_window_serial,
          co_window_paths_b, co_window_of_opportunity_a, co_window_corner_a,
          co_window_of_opportunity_a, co_window_paths_a, co_window_broadway_a,
          co_window_of_opportunity_b, co_window_unsneaky_path_c,
          co_window_paths_c, glass_columns_a, glass_columns_b, glass_columns_b,
          glass_columns_a, glass_columns_a, uniq_crazy_yiuf_cottage
D:4:      layout_basic, grunt_temple_overflow_open, serial_shops,
          nicolae_shop_window_shopping, uniq_blork_the_orc

Skill      XL: |  1  2  3 |
---------------+----------+-----
Spellcasting   | 5 |  5.6
Armour         | 1 |  1.0
Fighting       | 1 |  1.0
Conjurations   | 2 |  2.1
Dodging        | |  2.6
Stealth        | |  2.6
Summonings     | |  1.1
Translocations | |  1.1

Action                     |  1- 3 |  4- 6 || total
---------------------------+-------+-------++-------
  Melee: Dagger            |    28 |       ||    28
   Cast: Magic Dart        |   117 |       ||   117
         Mephitic Cloud    |     2 |     1 ||     3
         Call Imp          |     2 |       ||     2
    Use: Potion            |     1 |       ||     1
   Stab: Confused          |     1 |       ||     1
 Armour: Robe              |    33 |     1 ||    34
  Dodge: Dodged            |    33 |       ||    33

Table legend: (Time is in decaauts)
 A = Elapsed time spent in this place.
 B = Non-inter-level travel time spent in this place.
 C = Inter-level travel time spent in this place.
 D = Time resting spent in this place.
 E = Time spent auto-exploring this place.
 F = Levels seen in this place.
 G = Mean time per level.
                   A        B        C        D        E       F      G
               +--------+--------+--------+--------+--------+-----+--------+
         Total |   1992 |   1982 |     10 |      0 |   1703 |   4 |  498.0 |
       Dungeon |   1992 |   1982 |     10 |      0 |   1703 |   4 |  498.0 |
               +--------+--------+--------+--------+--------+-----+--------+

Top non-repeatable levels by time:
     D:1: 1145 daAuts
     D:3: 459 daAuts
     D:2: 381 daAuts
     D:4: 5 daAuts
